 Dungeon Sprint DCSS version 0.29.1-2-gbd0b4ee654 (webtiles) character file.

Game seed: 668958470699156014

1 Groucho the Trooper (level 1, -3/20 (21) HPs)
             Began as a Naga Fighter on Oct 30, 2022.
             Was an Initiate of Cheibriados.
             Slain by an ogre
             ... wielding a +0 giant spiked club
              (19 damage)
             ... in the Dungeon (Sprint V: "Ziggurat Sprint").
             The game lasted 00:03:00 (120 turns).

Groucho the Trooper (Naga Fighter)                   Turns: 120, Time: 00:03:00

HP:   -3/20 (21)    AC: 21    Str: 31    XL:     1   Next: 20%
MP:   1/1           EV:  0    Int:  9    God:    Cheibriados [......]
Gold: 0             SH: 26    Dex: 11    Spells: 0/0 levels left

rFire   . . .      SeeInvis +   a - +14 obsidian axe {vorpal, Mesm Drain Fly SInv}
rCold   . . .      Faith    .   c - +18 shield of the Gong {rElec rN+ Will+ EV-5}
rNeg    + . .      Spirit   .   b - +15 Maxwell's patent armour {-Cast -Tele rElec Will+ rCorr}
rPois   +          Reflect  .   (no helmet)
rElec   +          Harm     .   (no cloak)
rCorr   +          Rampage  .   (no gloves)
Will    ++...      NoTele   +   (no barding)
Stlth   .......... NoCast   +   (no amulet)
HPRegen 0.06/turn               r - +6 ring of strength
MPRegen 0.07/turn               s - +6 ring of strength

@: mighty, flying, mesmerised, lightly drained, invisible, very slow
A: AC +0, large, see invisible, deformed body, poison resistance, slowness 2,
spit poison 1, naga tail 1
a: Spit Poison, Renounce Religion


You were in the Dungeon.
You worshipped Cheibriados.
Cheibriados was noncommittal.
You visited 1 branch

Inventory:

Hand Weapons
 a - the +14 obsidian axe (weapon) {vorpal, Mesm Drain Fly SInv}
   (You found it in the Dungeon)

   It inflicts extra damage upon your enemies.
   It occasionally summons demons to assist the wielder when it strikes in
   combat.
   Its wielder is mesmerised by any visible foes.
   It cannot be unequipped while any foes are visible.
   SInv:      It lets you see invisible.
   Fly:       It grants you flight.
   Drain:     It drains your maximum health when unequipped.
 l - the +6 shillelagh "Devastator" {shatter}
   (You found it in the Dungeon)

   It releases a powerful concussive burst when it strikes, dealing extra damage
   to the target and all other foes adjacent to them.
 D - a +5 hand crossbow
Armour
 b - the +15 Maxwell's patent armour (worn) {-Cast -Tele rElec Will+ rCorr}
   (You found it in the Dungeon)

   rElec:     It insulates you from electricity.
   -Cast:     It prevents spellcasting.
   -Tele:     It prevents most forms of teleportation.
   rCorr:     It protects you from acid and corrosion.
   Will:      It increases your willpower.
 c - the +18 shield of the Gong (worn) {rElec rN+ Will+ EV-5}
   (You found it in the Dungeon)

   It is deafeningly noisy when blocking attacks.
   EV:        It affects your evasion (-5).
   rElec:     It insulates you from electricity.
   rN:        It protects you from negative energy.
   Will:      It increases your willpower.
 k - +5 gold dragon scales
Jewellery
 m - a ring of flight
 n - a +6 ring of dexterity
 o - a +6 ring of dexterity
 p - a +6 ring of intelligence
 q - a +6 ring of intelligence
 r - a +6 ring of strength (left hand)
 s - a +6 ring of strength (right hand)
Wands
 t - a wand of mindburst (7)
 u - a wand of quicksilver (7)
Scrolls
 j - 4 scrolls of blinking
 y - 4 scrolls of amnesia
 A - 7 scrolls of fog
 B - 5 scrolls of identify
 C - 2 scrolls of fear
Potions
 d - 5 potions of might
 e - 10 potions of curing
 f - 10 potions of heal wounds
 g - 6 potions of haste
 h - 7 potions of magic
 i - 3 potions of berserk rage
 v - 2 potions of brilliance
 w - a potion of invisibility
 x - 4 potions of resistance
 z - a potion of experience


   Skills:
 + Level 3.1 Fighting
 + Level 2.2 Axes
 + Level 2.5 Armour
 + Level 2.8 Shields
 + Level 0.7 Invocations


You couldn't memorise any spells.
You didn't know any spells.
Your spell library was empty.

Dungeon Overview and Level Annotations

Branches:
Dungeon (1/1)

Altars:
Ashenzari
Cheibriados
Dithmenos
Elyvilon
Fedhas
Gozag
Hepliaklqana
Kikubaaqudgha
Makhleb
Nemelex Xobeh
Okawaru
Qazlal
Ru
Sif Muna
Trog
Uskayaw
Vehumet
Wu Jian
Xom
Yredelemnul
Zin
The Shining One
Jiyva
Lugonu

Annotations:
D 1 transporter


Innate Abilities, Weirdness & Mutations

Your serpentine skin is tough. (AC +0)
You have supernaturally acute eyesight. (SInv)
Armour fits poorly on your strangely shaped body.
Your system is resistant to poisons. (rPois)
You cover ground very slowly.
You can spit poison.
You have a snake-like lower body.


Message History

GONNNNG!
You block the ball python's attack.
PANG!
Unknown command.
You slash the ball python!
You break out of your daze!
You kill the ball python!
Cheibriados appreciates the change of pace.
Unknown command.
Unknown command.
Unknown command.
Things that are here:
a ball python corpse; a ball python corpse
There is a transporter here.
Welcome to arena 2.
You enter the transporter and appear at another place.
An ogre, a troll and a two-headed ogre come into view.
Visions of slaying the troll flood into your mind.
The ogre shouts!
The troll shouts!
The two-headed ogre shouts in stereo!
Found three items.
Found a transporter.
Unknown command.
Unknown command.
You feel very mighty all of a sudden.
Visions of slaying the two-headed ogre flood into your mind.
You fade into invisibility!
Visions of slaying the troll flood into your mind.
Visions of slaying the two-headed ogre flood into your mind.
You slice the ogre!! You open a gate to Pandemonium!
A demon appears!
The ogre is almost dead.
You slash the two-headed ogre! You barely miss the troll.
Visions of slaying the troll flood into your mind.
You block the troll's attack.
PANG!
You block the troll's attack.
BONNNG!
You block the troll's attack.
PANG!
The ogre hits you with a +0 giant spiked club!!
Ouch! That really hurt!
You die...

▓▓▓▓▓▓▓▓▓▓▓▓▓
▓.8©8.▓.8©8.▓
▓.):[.▓.....▓
▓.....▓.}.|.▓
▓.....▓.....▓
▓.....▓..†..▓
▓.OOT3▓..©..▓
▓..@..▓▓▓▓▓▓▓
▓▓▓▓▓▓▓


You could see a two-headed ogre (unable to see you), a troll (mesmerising,
unable to see you, ally target), an ogre (unable to see you) and a friendly soul
eater (summoned).

Vanquished Creatures
  2 ball pythons (D)
2 creatures vanquished.

Notes
Turn   | Place    | Note
-------+----------+-------------------------------------------
     0 | D        | Groucho the Naga Fighter began the quest for the Orb.
     0 | D        | Reached XP level 1. HP: 21/21 MP: 1/1
    17 | D        | Found a blossoming altar of Fedhas.
    17 | D        | Found the +6 Majin-Bo {vamp, MP+6 Int+6}
    17 | D        | Found the +9 heavy crossbow "Sniper" {vorpal, Acc+∞ SInv}
    17 | D        | Found the +10 dark maul {vorpal}
    17 | D        | Found the +15 Maxwell's patent armour {-Cast -Tele rElec
                  | Will+ rCorr}
    17 | D        | Found the +18 shield of the Gong {rElec rN+ Will+ EV-5}
    17 | D        | Found the +14 obsidian axe {vorpal, Mesm Drain Fly SInv}
    17 | D        | Found the +7 great mace "Firestarter" {inner flame, rF++}
    17 | D        | Found the +6 shillelagh "Devastator" {shatter}
    17 | D        | Found the +11 plutonium sword {Contam Stlth-}
    17 | D        | Found the +8 lance "Wyrmbane" {slay drac, rPois rF+ rC+
                  | AC+3}
    17 | D        | Found the +9 sword of Zonguldrok {reap}
    17 | D        | Found the +13 scythe of Curses {drain, Drain}
    17 | D        | Found the +5 sword of Power {vorpal}
    17 | D        | Found the +7 mace of Variability {chain chaos}
    17 | D        | Found the +7 Singing Sword {vorpal, sonic wave}
    17 | D        | Found the +8 storm bow {elec, penet}
    18 | D        | Found a viscous altar of Jiyva.
    18 | D        | Found a transporter.
    18 | D        | Found a hazy altar of Hepliaklqana.
    18 | D        | Found an ancient bone altar of Kikubaaqudgha.
    18 | D        | Found an opulent altar of Gozag.
    18 | D        | Found a corrupted altar of Lugonu.
    22 | D        | Found a burning altar of Makhleb.
    23 | D        | Found a stormy altar of Qazlal.
    23 | D        | Found an iron altar of Okawaru.
    23 | D        | Found a sacrificial altar of Ru.
    23 | D        | Found a sparkling altar of Nemelex Xobeh.
    23 | D        | Found a shimmering blue altar of Sif Muna.
    23 | D        | Found a bloodstained altar of Trog.
    90 | D        | Became a worshipper of Cheibriados the Contemplative
   105 | D        | Entered arena 2.
   105 | D        | Found a transporter.
   116 | D        | Entered arena 3.
   116 | D        | Found the +5 lochaber axe {reach-cleave, poleaxe}
   116 | D        | Noticed an ogre
   116 | D        | Noticed a troll
   116 | D        | Noticed a two-headed ogre
   116 | D        | Found a transporter.
   120 | D        | Slain by an ogre

Illustrated notes

Levels and vault maps discovered:
D:        sprint_v [room_start, room_1, room_2, room_3, room_4, room_5, room_6,
          room_7, room_8, room_9, room_10, room_11, room_12, room_13, room_14,
          room_15, room_16, room_17, room_18, room_19, room_20, room_21,
          room_22, room_23, room_24, room_25, room_26, room_27]

Action                   || total
-------------------------++-------
Melee: Broad axe         ||     6
  Use: Potion            ||     2
Armor: Plate armour      ||     1
Block: Kite shield       ||     9
